 Dungeon Crawl Stone Soup version 0.27-a0-96-gb51a1d6fd6 (webtiles) character file.

Game seed: 10366926773292178381

74 knot the Chopper (level 4, 23/35 HPs)
             Began as a Demonspawn Berserker on Jan 19, 2021.
             Was a Follower of Trog.
             Quit the game on level 2 of the Dungeon.
             The game lasted 00:01:15 (1052 turns).

knot the Chopper (Demonspawn Berserker)             Turns: 1052, Time: 00:01:16

Health: 23/35      AC:  4    Str: 18    XL:     4   Next: 9%
Magic:  4/4        EV: 12    Int:  9    God:    Trog [*.....]
Gold:   36         SH:  0    Dex: 12    Spells: 3/3 levels left

rFire    . . .     SeeInvis .   a - +0 hand axe
rCold    . . .     Faith    .   (no shield)
rNeg     . . .     Spirit   .   b - +0 animal skin
rPois    .         Reflect  .   (no helmet)
rElec    .         Harm     .   (no cloak)
rCorr    .         Rampage  .   (no gloves)
Will     .....                  (no boots)
Stlth    +.........             (no amulet)
HPRegen  1.11/turn              (no ring)
MPRegen  0.09/turn              (no ring)

@: mildly poisoned (23 -> 23), berserk cooldown
A: slimy green scales 1, powered by death 1
a: Renounce Religion, Berserk


You were on level 2 of the Dungeon.
You worshipped Trog.
Trog was aware of your devotion.
You visited 1 branch of the dungeon, and saw 2 of its levels.

You collected 36 gold pieces.

Inventory:

Hand Weapons
 a - a +0 hand axe (weapon)
Missiles
 j - 16 stones
Armour
 b - a +0 animal skin (worn)
Scrolls
 d - 2 scrolls of teleportation {unknown}
 g - 2 scrolls of identify {unknown}
 i - a scroll of immolation {unknown}
Potions
 e - 2 potions of lignification {unknown}
 f - a potion of heal wounds
 h - a potion of resistance {unknown}


   Skills:
 - Level 3.0 Fighting
 + Level 4.5 Axes
 - Level 1.7 Armour
 - Level 1.7 Dodging


You had 3 spell levels left.
You didn't know any spells.
Your spell library was empty.

Dungeon Overview and Level Annotations

Branches:
Dungeon (2/15)

Altars:


Innate Abilities, Weirdness & Mutations

You are partially covered in slimy green scales. (AC +2)
You regenerate a little health from kills.


Message History

The adder poisons you!
You hit the adder.
The adder is moderately wounded.
You completely miss the kobold.
You feel yourself speed up.
You feel sick. The adder closely misses you.
The kobold hits you with a +0 whip. The adder closely misses you.
You closely miss the adder.
The adder is moderately wounded.
You barely miss the kobold. The adder barely misses you.
The kobold hits you with a +0 whip.
You slash the adder!
You kill the adder!
Trog accepts your kill.
You closely miss the kobold. The kobold barely misses you.
You have reached level 4!
You feel stronger.
Your demonic ancestry asserts itself...
Slimy green scales grow over part of your body.
You closely miss the kobold.
You feel sick. The kobold closely misses you.
Are you sure you want to abandon this character and quit the game? (Confirm with "yes".)

P≈≈♣♣♣P .. PP≈≈≈≈♣ ..
≈≈P≈≈≈♣ .# .≈P≈≈≈≈ #
.# ....P.≈ #. ##.#
....# #.##..#
##)...##.
###..#.####>†......
#....@(((..).......
......K#.###†#.......
....#.............###
.......#.##....!..# .
..$.............#
..................#
.................##
...#...........#..


You could see a kobold.

Vanquished Creatures
  An orc priest (D:2)
  An adder (D:2)
  A dart slug (D:1)
  4 orcs (D:2)
  3 giant cockroaches
  3 goblins (D:1)
  5 hobgoblins
  2 jackals (D:1)
  3 kobolds
  2 bats (D:1)
  3 rats
28 creatures vanquished.

Vanquished Creatures (others)
  5 plants (D:2)
5 creatures vanquished.

Grand Total: 33 creatures vanquished

Notes
Turn   | Place    | Note
-------+----------+-------------------------------------------
     0 | D:1      | knot the Demonspawn Berserker began the quest for the Orb.
     0 | D:1      | Reached XP level 1. HP: 18/18 MP: 1/1
    40 | D:1      | Reached skill level 3 in Axes
   225 | D:1      | Gained mutation: You regenerate a little health from kills.
                  | [demonic ancestry]
   225 | D:1      | Reached XP level 2. HP: 24/24 MP: 2/2
  1022 | D:2      | Reached XP level 3. HP: 20/29 MP: 3/3
  1034 | D:2      | Reached skill level 4 in Axes
  1051 | D:2      | Gained mutation: You are partially covered in slimy green
                  | scales. (AC +2) [demonic ancestry]
  1051 | D:2      | Reached XP level 4. HP: 23/35 MP: 4/4
  1052 | D:2      | Quit the game

Illustrated notes

Levels and vault maps discovered:
D:1:      onia_arrival_mini_spirals, layout_basic
D:2:      layout_rooms, serial_bayou, serial_bayou_crossing,
          serial_bayou_lake_a, serial_bayou_lagoon_a, serial_bayou_shore_a

Skill      XL: |  1  2  3 |
---------------+----------+-----
Axes           | 3 4 |  4.5
Fighting       | |  3.0
Armour         | |  1.7
Dodging        | |  1.7

Action                   |  1- 3 |  4- 6 || total
-------------------------+-------+-------++-------
Melee: Hand axe          |    77 |     1 ||    78
Invok: Berserk           |     1 |       ||     1
  Use: Potion            |     3 |       ||     3
Armor: Animal skin       |    17 |       ||    17
Dodge: Dodged            |    41 |     1 ||    42

Table legend: (Time is in decaauts)
 A = Elapsed time spent in this place.
 B = Non-inter-level travel time spent in this place.
 C = Inter-level travel time spent in this place.
 D = Time resting spent in this place.
 E = Time spent auto-exploring this place.
 F = Levels seen in this place.
 G = Mean time per level.
                   A        B        C        D        E       F      G
               +--------+--------+--------+--------+--------+-----+--------+
         Total |   1068 |   1046 |     22 |      4 |    864 |   2 |  534.0 |
       Dungeon |   1068 |   1046 |     22 |      4 |    864 |   2 |  534.0 |
               +--------+--------+--------+--------+--------+-----+--------+

Top non-repeatable levels by time:
     D:1: 1016 daAuts
     D:2: 51 daAuts
